 Dungeon Crawl Stone Soup version 0.17.2-1-ge4368a0 (webtiles) character file.

11846 Goblin1989 the Fighter (level 11, 0/110 HPs)
             Began as a Deep Dwarf Monk on Nov 1, 2016.
             Was a High Priest of Makhleb.
             Slain by a komodo dragon (19 damage)
             ... on level 1 of the Lair of Beasts.
             The game lasted 01:01:40 (9043 turns).

Goblin1989 the Fighter (Deep Dwarf Monk)            Turns: 9043, Time: 01:01:40

Health: 0/110      AC: 21    Str: 18    XL:     11   Next: 54%
Magic:  13/13      EV: 10    Int: 11    God:    Makhleb [*****.]
Gold:   668        SH:  3    Dex: 15    Spells: 2 memorised, 1 level left

rFire  . . .     SeeInvis .     a - +0 war axe
rCold  . . .     Clarity  .     I - +4 plate armour {rPois}
rNeg   . . .     SustAt   .     g - +0 buckler
rPois  +         Gourm    +     (no helmet)
rElec  .         Spirit   .     F - +0 cloak
rCorr  .         Warding  .     D - +0 pair of gloves
rMut   .         Stasis   .     H - +0 pair of boots
MR     +....                    f - amulet of the gourmand
Stlth  ..........               (no ring)
                                z - +2 ring of evasion

@: non-regenerating, somewhat resistant to hostile enchantments, extremely
unstealthy
A: damage resistance, recharge devices, sense surroundings 2, slow regeneration
3
a: Device Recharging, Minor Destruction, Lesser Servant of Makhleb, Major
Destruction, Greater Servant of Makhleb, Renounce Religion


You were on level 1 of the Lair of Beasts.
You worshipped Makhleb.
Makhleb was extremely pleased with you.
You were completely stuffed.

You visited 3 branches of the dungeon, and saw 13 of its levels.

You collected 668 gold pieces.

Inventory:

Hand Weapons
 a - a +0 war axe (weapon)
 b - a +3 scimitar of flaming
Missiles
 Z - a throwing net {=f, !d}
Armour
 g - a +0 buckler (worn)
 D - a +0 pair of gloves (worn)
 F - a +0 cloak (worn)
 H - a +0 pair of boots (worn)
 I - a +4 plate armour of poison resistance (worn)
Jewellery
 d - an uncursed ring of ice
 f - an amulet of the gourmand (around neck)
 o - an uncursed ring of poison resistance
 t - an uncursed ring of fire
 z - a +2 ring of evasion (left hand)
Wands
 h - a wand of heal wounds (1) {!v, @v2}
 B - a wand of magic darts (7)
Scrolls
 e - a scroll of brand weapon {unknown}
 q - 3 scrolls of enchant armour
 s - 7 scrolls of remove curse {@r2}
 v - a scroll of fear {unknown}
 y - a scroll of random uselessness {unknown}
 L - a scroll of amnesia {unknown}
 N - 3 scrolls of noise {!r}
 Q - a scroll of blinking {unknown}
 T - 9 scrolls of teleportation {!r, @r4}
Potions
 i - a potion of curing {@q1}
 j - a potion of haste {!q, @q3}
 l - a potion of magic
 n - 2 potions of brilliance
 p - 2 potions of flight
 x - 3 potions of lignification {!q}
 C - a potion of agility
 G - a potion of cancellation
Comestibles
 c - 10 bread rations {@e1}
 k - 2 slices of pizza
 m - 5 meat rations {@e2}
 E - 4 fruits


   Skills:
 - Level 10.3 Fighting
 - Level 10.1 Axes
 * Level 6.9 Armour
 * Level 6.9 Dodging
 - Level 2.4 Stealth
 - Level 3.6 Unarmed Combat
 + Level 6.9 Invocations
 - Level 8.2 Evocations


You had one spell level left.
You knew the following spells:

 Your Spells              Type           Power        Failure   Level  Hunger
g - Passage of Golubria   Tloc           N/A          100%        4    #####..
A - Aura of Abjuration    Summ           #.........   100%        5    ######.


Dungeon Overview and Level Annotations

Branches:
Dungeon (11/15)            Temple (1/1) D:4            Lair (1/8) D:9
    Orc (0/4) D:11

Altars:
Ashenzari
Cheibriados
Dithmenos
Elyvilon
Fedhas
Gozag
Kikubaaqudgha
Makhleb
Nemelex Xobeh
Okawaru
Qazlal
Ru
Sif Muna
Trog
Vehumet
Xom
Yredelemnul
Zin
The Shining One

Shops:
D:4 %

Annotations:
D:9 4 runed doors


Innate Abilities, Weirdness & Mutations

You are resistant to damage.
You can recharge devices by infusing magical energy.
You passively map the area around you.
You do not regenerate naturally.


Message History

You barely miss the yak. The yak gores you but does no damage.
The yak gores you but does no damage. The yak closely misses you.
The yak gores you but does no damage. The yak gores you.
The komodo dragon closely misses you.
You hit the komodo dragon.
The komodo dragon is almost dead.
You hit the yak.
The yak is lightly wounded.
Your plate armour prevents you from hitting the yak.
The yak is lightly wounded.
You hit the yak but do no damage. x2
The yak is lightly wounded.
You barely miss the yak.
The yak is moderately wounded.
The yak gores you but does no damage. The yak barely misses you.
The yak gores you.
* * * LOW HITPOINT WARNING * * *
The yak gores you but does no damage. The yak closely misses you.
The komodo dragon bites you!!
You die...

▓· · ▓ ▓ · ▓··
▓▓......P█ ··· · ▓
· ......██ ▓· ·
...... · ▓ ·
.█..██ . ··▓ ▓ ·▓
█$...██ █.. · ··
█. █...█.█...█▓ ·
█..██YY........ ·
█...l@YYP.....█ ··
█....YY.█P...██
···
█............... ·
·
█........P...█..!
▓
.................
▓ ▓ ▓
·█................
▓
·..........█.....
·· · ··
·....██....█.....
· · · · · ▓ ·▓ ·


You could see a komodo dragon and 6 yaks.

Vanquished Creatures
  A hydra (D:11)
  Erica (D:9)
  An unseen horror (D:9)
  A hill giant (D:10)
  A cyclops (D:11)
  Joseph (D:7)
  Psyche (D:9)
  A komodo dragon (D:9)
  A two-headed ogre (D:9)
  Prince Ribbit (D:9)
  3 trolls
  A shadow (D:11)
  4 yaks (D:11)
  A wyvern (D:9)
  A spriggan (D:7)
  Eustachio (D:6)
  A hungry ghost (D:10)
  2 hippogriffs
  Menkaure (D:6)
  A steam dragon (D:11)
  Edmund (D:5)
  A soldier ant (D:11)
  A water moccasin (D:8)
  Duvessa (D:7)
  2 black bears
  2 ice beasts
  5 ogres
  6 orc warriors
  6 centaurs
  2 phantoms
  A crocodile (D:10)
  3 sky beasts
  2 big kobolds (D:11)
  2 gnoll sergeants (D:11)
  8 giant frogs
  A scorpion (D:10)
  Dowan (D:7)
  12 killer bees
  4 crimson imps
  3 centaur zombies
  4 orc priests
  A wasp zombie (D:9)
  A quasit (D:9)
  A gnoll shaman (D:4)
  7 hounds
  7 orc wizards
  A centaur skeleton (D:9)
  2 giant frog skeletons
  7 worker ants
  A hound zombie (D:5)
  22 gnolls
  10 adders
  4 shadow imps
  3 oozes
  An adder zombie (D:5)
  3 worms
  8 giant geckos
  35 orcs
  4 giant cockroaches
  6 hobgoblins
  6 jackals (D:1)
  4 quokkas
  A ball python (D:7)
  4 bats
  A giant gecko skeleton (D:7)
  8 giant newts
  7 goblins
  5 kobolds
  6 rats
260 creatures vanquished.

Vanquished Creatures (collateral kills)
  3 killer bees
3 creatures vanquished.

Vanquished Creatures (others)
  3 plants (D:9)
3 creatures vanquished.

Grand Total: 266 creatures vanquished

Notes
Turn   | Place    | Note
--------------------------------------------------------------
     0 | D:1      | Goblin1989 the Deep Dwarf Monk began the quest for the Orb.
     0 | D:1      | Reached XP level 1. HP: 20/20 MP: 1/1
   184 | D:1      | Reached XP level 2. HP: 26/28 MP: 2/2
   754 | D:1      | Reached XP level 3. HP: 31/36 MP: 3/3
   863 | D:2      | Reached skill level 4 in Fighting
   945 | D:2      | Found a shimmering altar of Xom.
  1353 | D:2      | Reached XP level 4. HP: 32/45 MP: 4/4
  1606 | D:2      | Reached skill level 1 in Armour
  1632 | D:3      | ololoev: yo гоббер
  1634 | D:2      | ololoev: вконтактик будет собирать свою тиму к турнаменту?
  1634 | D:2      | Goblin1989: yo ololoev
  1634 | D:2      | Goblin1989: вряд ли
  1634 | D:2      | Goblin1989: они про турниры не знают
  1634 | D:2      | Goblin1989: в основном офлайн играют
  1634 | D:2      | Goblin1989: им лучше не позориться
  1647 | D:3      | ololoev: да всем пофигзато турниры это весело
  1648 | D:3      | ololoev: там баннеры всякие
  1648 | D:3      | Goblin1989: ермак играть будет точно. я его утром видел
  1648 | D:3      | Goblin1989: да ну их
  1648 | D:3      | Goblin1989: эти беннеры
  1648 | D:3      | Goblin1989: если я не умею в 0.19 играть вот так даже и не рыпаюсь
  1826 | D:3      | Found a basalt altar of Yredelemnul.
  1985 | D:3      | Reached skill level 5 in Fighting
  1985 | D:3      | Reached XP level 5. HP: 46/52 MP: 5/5
  2029 | D:3      | Found a bloodstained altar of Trog.
  2324 | D:4      | Found Maw Emmo's Food Shoppe.
  2664 | D:4      | Found a staircase to the Ecumenical Temple.
  2674 | Temple   | Entered the Ecumenical Temple
  2792 | Temple   | Became a worshipper of Makhleb the Destroyer
  2792 | Temple   | Reached * piety under Makhleb
  2792 | Temple   | Reached ** piety under Makhleb
  2835 | D:4      | Found a sacrificial altar of Ru.
  2857 | D:4      | Reached XP level 6. HP: 32/62 MP: 6/6
  3042 | D:4      | Reached skill level 6 in Fighting
  3108 | D:4      | Found a glowing golden altar of the Shining One.
  3110 | D:4      | Found an iron altar of Okawaru.
  3432 | D:5      | Entered Level 5 of the Dungeon
  3438 | D:5      | Noticed Edmund
  3499 | D:5      | Reached XP level 7. HP: 52/70 MP: 6/6
  3627 | D:5      | Reached skill level 1 in Axes
  3667 | D:5      | Killed Edmund
  4007 | D:5      | Reached skill level 5 in Axes
  4007 | D:5      | Reached XP level 8. HP: 27/78 MP: 7/7
  4260 | D:6      | Noticed Eustachio
  4354 | D:7      | Noticed Duvessa
  4364 | D:7      | Noticed Dowan
  4373 | D:7      | Killed Duvessa
  4373 | D:7      | Reached *** piety under Makhleb
  4383 | D:7      | Killed Dowan
  4416 | D:7      | Reached skill level 7 in Axes
  4513 | D:7      | Reached skill level 1 in Invocations
  4562 | D:7      | Reached skill level 8 in Axes
  4631 | D:7      | Found a snail-covered altar of Cheibriados.
  4864 | D:7      | Reached skill level 1 in Evocations
  4982 | D:7      | Noticed Joseph
  4997 | D:7      | Gained mutation: You passively map the area around you. [Deep Dwarf growth]
  4997 | D:7      | Reached XP level 9. HP: 71/85 MP: 9/9
  5010 | D:7      | Killed Joseph
  5010 | D:7      | Reached skill level 9 in Axes
  5285 | D:7      | Reached skill level 10 in Axes
  5443 | D:8      | Reached skill level 5 in Evocations
  5525 | D:8      | Reached **** piety under Makhleb
  5578 | D:8      | Found a radiant altar of Vehumet.
  5897 | D:9      | Found a blossoming altar of Fedhas.
  6006 | D:9      | Killed an unseen horror
  6006 | D:9      | Reached XP level 10. HP: 38/98 MP: 11/13
  6092 | D:9      | Noticed Psyche
  6112 | D:9      | Killed Psyche
  6321 | D:6      | Reached ***** piety under Makhleb
  6343 | D:6      | Noticed Menkaure
  6356 | D:6      | Killed Menkaure
  6384 | D:6      | Found an opulent altar of Gozag.
  6578 | D:6      | Killed Eustachio
  6797 | D:9      | Noticed a komodo dragon
  6815 | D:9      | Noticed Erica
  6862 | D:9      | Killed Erica
  6896 | D:9      | HP: 3/102 [komodo dragon (20)]
  6898 | D:9      | Killed a komodo dragon
  6898 | D:9      | Reached skill level 10 in Fighting
  6931 | D:9      | Found a staircase to the Lair.
  7084 | D:9      | Found a huge runed gate.
  7085 | D:9      | Found a huge runed gate.
  7086 | D:9      | Found a huge runed gate.
  7087 | D:9      | Noticed a death yak
  7087 | D:9      | Found a huge runed gate.
  7087 | D:9      | Noticed a death yak
  7105 | D:9      | Found a sparkling altar of Nemelex Xobeh.
  7126 | D:9      | Noticed Prince Ribbit
  7171 | D:9      | Killed Prince Ribbit
  7171 | D:9      | Reached skill level 5 in Invocations
  7241 | D:9      | Found a deep blue altar of Sif Muna.
  7532 | D:10     | Entered Level 10 of the Dungeon
  7878 | D:10     | Reached XP level 11. HP: 81/110 MP: 13/13
  7966 | D:10     | Noticed a hill giant
  7989 | D:10     | Killed a hill giant
  7989 | D:10     | Reached skill level 5 in Armour
  8030 | D:10     | Learned a level 4 spell: Passage of Golubria
  8253 | D:11     | Reached skill level 5 in Dodging
  8577 | D:11     | Learned a level 5 spell: Aura of Abjuration
  8648 | D:11     | Found a staircase to the Orcish Mines.
  8835 | D:11     | Noticed a seven-headed hydra
  8846 | D:11     | Killed a one-headed hydra
  9029 | Lair:1   | Entered Level 1 of the Lair of Beasts
  9043 | Lair:1   | Slain by a komodo dragon

Action                   |  1- 3 |  4- 6 |  7- 9 | 10-12 || total
-------------------------+-------+-------+-------+-------++-------
Melee: Unarmed           |    68 |       |       |       ||    68
       Club              |    82 |       |       |       ||    82
       Whip              |    16 |   163 |    15 |       ||   194
       Flail             |       |    38 |    17 |       ||    55
       War axe           |       |       |   450 |   392 ||   842
       Scimitar          |       |       |       |     9 ||     9
 Fire: Hunting sling     |    12 |   113 |     1 |    15 ||   141
Invok: Lesser Servant of |       |       |     1 |     3 ||     4
 Abil: Device Recharging |       |     1 |     1 |     2 ||     4
Evoke: Wand              |     4 |     7 |     7 |    15 ||    33
  Use: Scroll            |       |     9 |     1 |     9 ||    19
       Potion            |       |     2 |     4 |     6 ||    12
 Stab: Sleeping          |     7 |       |     1 |       ||     8
       Invisible         |       |       |       |     1 ||     1
  Eat: Chunk             |     1 |     4 |    18 |    22 ||    45
       Pizza             |       |     1 |       |       ||     1
       Meat ration       |       |     1 |       |       ||     1

Vault maps used:
D:1:      lemuel_arrival_muddy
D:2:      tgw_xom, grunt_ministairs_2
D:3:      lemuel_round_altar, overflow_temple_1_default, first_bread
D:4:      nicolae_ru_great_annihilating_truth, nicolae_overflow_hidden_temple,
          minmay_temple_entry_statues_pillars, serial_shops, shop_fountains
D:5:      uniq_edmund
D:6:      overflow_temple_1_default, uniq_eustachio, uniq_menkaure
D:7:      kennysheep_mini_moat, the_bakery, uniq_joseph, uniq_duvessa
D:8:      lemuel_doored_altar
D:9:      lemuel_bear_cage, nemelex_deck, kennysheep_mini, david_lair_shrubbed,
          basic_altar, uniq_erica, uniq_psyche, uniq_prince_ribbit1
D:11:     kennysheep_orc_monster_closet_entryway
Temple:   nicolae_temple_figure_zero
Lair:1:   serial_bayou_shore_b
